 Dungeon Crawl Stone Soup version 0.23.1 (webtiles) character file.

Game seed: 7586882465407089849

41 redwoodhats the Charmwright (level 3, 0/24 HPs)
             Began as an Octopode Skald on Mar 4, 2019.
             Slain by a goblin (2 damage)
             ... on level 2 of the Dungeon.
             The game lasted 00:05:25 (1087 turns).

redwoodhats the Charmwright (Octopode Skald)        Turns: 1087, Time: 00:05:26

Health: 0/24       AC:  1    Str: 11    XL:     3   Next: 52%
Magic:  6/6        EV: 14    Int: 15    God:
Gold:   90         SH:  0    Dex: 11    Spells: 5/6 levels left

rFire    . . .     SeeInvis .   a - +0 spear
rCold    . . .     Gourm    .   (no shield)
rNeg     . . .     Faith    .   (helmet restricted)
rPois    .         Spirit   .   (no amulet)
rElec    .         Reflect  .   (no ring)
rCorr    .         Harm     .   (no ring)
MR       .....                  (no ring)
Stlth    +++.......             (no ring)
HPRegen  0.08/turn              (no ring)
MPRegen  0.10/turn              (no ring)
                                (no ring)
                                (no ring)

@: no status effects
A: almost no armour, stealthy swim, amphibious, 8 rings, constrict 8, camouflage
1, gelatinous body 1
a: no special abilities


You were on level 2 of the Dungeon.
You were hungry.

You visited 1 branch of the dungeon, and saw 2 of its levels.

You collected 90 gold pieces.

Inventory:

Hand Weapons
 a - a +0 spear (weapon)
 b - a +0 dagger
 d - a +0 dagger
Jewellery
 h - an uncursed ring of stealth {unknown}
Scrolls
 e - 2 scrolls of identify {unknown}
 f - a scroll of immolation {unknown}
 g - a scroll of remove curse {unknown}
 i - 2 scrolls of teleportation {unknown}
 k - a scroll of amnesia {unknown}
Potions
 j - a potion of curing {unknown}
 l - a potion of ambrosia {unknown}
Comestibles
 c - a ration


   Skills:
 + Level 2.1 Fighting
 + Level 2.2 Polearms
 + Level 2.8 Dodging
 + Level 1.4 Stealth
 + Level 2.2 Spellcasting
 + Level 3.4 Charms


You had 5 spell levels left.
You knew the following spells:

 Your Spells              Type           Power        Failure   Level  Hunger
a - Infusion              Chrm           ##..         5%          1    #......

Your spell library contained the following spells:

 Spells                   Type           Power        Failure   Level  Hunger
 Song of Slaying          Chrm           ##......     8%          2    ###....
 Shroud of Golubria       Chrm/Tloc      #.........   16%         2    ###....
 Regeneration             Chrm/Necr      #.........   32%         3    ###....
 Spectral Weapon          Hex/Chrm       #.......     32%         3    ###....


Dungeon Overview and Level Annotations

Branches:
Dungeon (2/15)

Altars:
Nemelex Xobeh


Innate Abilities, Weirdness & Mutations

You cannot wear most types of armour.
You are very stealthy in the water. (Stealth+)
You are amphibious.
You can wear up to eight rings at the same time.
You can use your tentacles to constrict eight enemies at once.
Your skin changes colour to match your surroundings (Stealth+).
Your rubbery body absorbs attacks. (AC +1, EV +1)


Message History

The goblin is severely wounded.
You constrict the giant cockroach. You constrict the goblin.
You kill the goblin!
The giant cockroach barely misses you.
You barely miss the giant cockroach. You squeeze the giant cockroach.
You kill the giant cockroach!
You see here a goblin corpse.
The jackal bites you.
* * * LOW HITPOINT WARNING * * *
A goblin comes into view.
The jackal bites you but does no damage.
The goblin barely misses you. The jackal bites you.
* * * LOW HITPOINT WARNING * * *
The jackal bites you but does no damage.
The goblin misses you.
You hit the jackal. Your grab misses the jackal. You squeeze the jackal.
You kill the jackal!
The goblin hits you.
You die...

.... ..... ...... ..
...... ... .g..
##.## #.##### .....
#.....#
......#...@.#####
......#..g........
...._.....†.........
#.......#.!†........
#...... #...........
.... #.##........
####.####.##########
.........?.......
.#........###..###


You could see 2 goblins.

Vanquished Creatures
  An adder (D:2)
  An ooze (D:1)
  A leopard gecko (D:1)
  3 bats (D:1)
  2 giant cockroaches
  3 goblins
  3 hobgoblins
  5 jackals
  2 frilled lizards (D:1)
  3 kobolds (D:1)
  A rat (D:1)
25 creatures vanquished.

Notes
Turn   | Place    | Note
-------+----------+-------------------------------------------
     0 | D:1      | redwoodhats the Octopode Skald began the quest for the Orb.
     0 | D:1      | Reached XP level 1. HP: 14/14 MP: 3/3
   199 | D:1      | Reached XP level 2. HP: 10/19 MP: 1/5
   701 | D:1      | Reached XP level 3. HP: 17/24 MP: 6/6
  1060 | D:2      | Reached skill level 1 in Stealth
  1076 | D:2      | Found a sparkling altar of Nemelex Xobeh.
  1087 | D:2      | Slain by a goblin

Skill      XL: |  1  2  3 |
---------------+----------+-----
Stealth        | 1 |  1.4
Fighting       | |  2.1
Polearms       | |  2.2
Dodging        | |  2.8
Spellcasting   | |  2.2
Charms         | |  3.4

Action                   || total
-------------------------++-------
Melee: Spear             ||    62
       Constrict         ||    14
       Tentacles         ||     6
 Cast: Infusion          ||     4
 Stab: Sleeping          ||     3
Armor: Skin              ||     5
Dodge: Dodged            ||    46
